 Dungeon Crawl Stone Soup version 0.31-a0-1308-ga3cce3a (webtiles) character file.

Game seed: 17266316315380702984

249 gameson the Changeling (level 5, 0/37 HPs)
             Began as a Demonspawn Shapeshifter on Dec 19, 2023.
             Was an Initiate of Makhleb.
             Slain by an orc
             ... wielding a +0 club
              (5 damage)
             ... on level 5 of the Dungeon.
             The game lasted 00:18:19 (2637 turns).

gameson the Changeling (Demonspawn Shapeshifter)    Turns: 2637, Time: 00:18:22

Health: 0/37       AC:  3    Str: 16    XL:     5   Next: 87%
Magic:  5/5        EV: 12    Int: 11    God:    Makhleb [......]
Gold:   65         SH:  0    Dex: 12    Spells: 1/4 levels left

rFire   . . .        m - +0 war axe
rCold   . . .        (no shield)
rNeg    . . .        g - +0 leather armour
rPois   .            (helmet currently unavailable)
rElec   .            (cloak currently unavailable)
rCorr   .            (gloves currently unavailable)
SInv    .            (boots currently unavailable)
Will    .....        (no amulet)
Stlth   +            (no ring)
HPRegen 0.26/turn    (no ring)
MPRegen 0.09/turn

%: no passive effects
@: beast-form
A: beast (slay +1), hooves 1, demonic guardian 1
a: Begin Untransformation, Renounce Religion


You were on level 5 of the Dungeon.
You worshipped Makhleb.
Makhleb was noncommittal.
You were a hulking beast.
You visited 2 branches of the dungeon, and saw 5 of its levels.

You collected 65 gold pieces.

Inventory:

Hand Weapons
 b - a +0 club
 i - a +0 sling
 m - a +0 war axe (weapon)
Armour
 a - a +0 animal skin
 g - a +0 leather armour (worn)
 h - a +0 helmet
 l - a +0 ring mail
Talismans
 c - a beast talisman (active)
 d - a flux talisman
Wands
 k - a wand of mindburst (9)


   Skills:
 - Level 1.1 Fighting
 - Level 0.2(0.3) Axes
 - Level 0.3(0.4) Maces & Flails
 - Level 1.0 Armour
 - Level 2.2 Dodging
 - Level 3.3 Unarmed Combat
 + Level 3.4 Fire Magic
 - Level 3.4 Shapeshifting


You had one spell level left.
You knew the following spells:

 Your Spells              Type           Power      Damage    Failure   Level
a - Volatile Blastmotes   Fire/Tloc      6%         2d10      54%         3

Your spell library contained the following spells:

 Spells                   Type           Power      Damage    Failure   Level
 Fulminant Prism          Conj/Hex       0%         3d5       99%         4
 Iskenderun's Mystic Bla  Conj/Tloc      0%         2d3       99%         4


Dungeon Overview and Level Annotations

Branches:
Dungeon (5/15)             Temple (1/1) D:5

Altars:
Ashenzari
Cheibriados
Dithmenos
Fedhas
Gozag
Kikubaaqudgha
Makhleb
Nemelex Xobeh
Okawaru
Ru
Sif Muna
Uskayaw
Vehumet
Wu Jian
Yredelemnul


Innate Abilities, Weirdness & Mutations

You are a hulking beast.
Your limbs bulge with bestial killing power. (Slay +1)
You have large cloven feet.
A weak demonic guardian rushes to your aid.


Message History

The orc hits you with a +0 short sword.
The black bear bites you but does no damage.
The black bear claws you. The black bear closely misses you.
The jelly closely misses you.
Aiming: Mindburst
Press: ? - help, Q - select action Shift-Dir - straight line, f/p - black bear
Aim: a black bear (heavily wounded, chance to affect: 64%)
The black bear's mind is blasted!
The orc barely misses you. The white imp gestures at you.
The puff of frost hits you.
The black bear goes berserk!
The jelly closely misses you.
Unknown command.
Aiming: Mindburst
Press: ? - help, Q - select action Shift-Dir - straight line, f/p - black bear
Aim: a black bear (almost dead, berserk, chance to affect: 64%)
The black bear's mind is blasted!!
You blow up the black bear!
Makhleb accepts your kill. The orc hits you with a +0 short sword.
The jelly hits you but does no damage.
Your Fire Magic skill increases to level 3!
You barely miss the white imp. You kick the white imp.
The white imp is moderately wounded.
You hit the jelly.
Your hands burn!
You closely miss the orc. The orc hits you with a +0 short sword.
The white imp shouts, "Take thy face hence, thou pottle-deep hedge-born clack-dish!"
The white imp hits you. The white imp freezes you.
* * * LOW HITPOINT WARNING * * *
The jelly hits you but does no damage. The orc barely misses you.
The orc hits you but does no damage. The white imp hits you.
* * * LOW HITPOINT WARNING * * *
A demonic guardian appears!
The white imp freezes you.
* * * LOW HITPOINT WARNING * * *
Aiming: Mindburst
Press: ? - help, Q - select action Shift-Dir - straight line, f - jelly
Aim: a jelly (lightly wounded, ally target, not susceptible)
The jelly is unaffected.
The jelly barely misses you. The orc closely misses you.
The orc hits you with a +0 club.
You die...

....##....#.....#
....##....#.....######
.....#....'..........##
.....'....#.....####..#
.....#...##..ol.......#
####†######..##...##..#
.....# #..##.o?##..#
.....# #....o5.....#
.....# #....Jh.....#
o..)## #...5o......#
.<...# ##.##...##..#
.....# #.##$..##..#
###### #.....(...##
###########


You could see an iguana, a jelly (ally target), a white imp, 4 orcs and a
friendly white imp (summoned).

Vanquished Creatures
  A black bear (D:5)
  A sleepcap (D:4)
  2 iguanas
  4 gnolls (D:4)
  2 adders
  A dart slug (D:2)
  An orc (Temple)
  2 ball pythons (D:4)
  An endoplasm (D:1)
  A giant cockroach (D:2)
  2 goblins (D:2)
  A hobgoblin (D:4)
  2 bats
  2 frilled lizards (D:1)
  3 kobolds
  2 rats
28 creatures vanquished.

Vanquished Creatures (collateral kills)
  A white imp (D:4)
1 creature vanquished.

Grand Total: 29 creatures vanquished

Notes
Turn   | Place    | Note
-------+----------+-------------------------------------------
     0 | D:1      | gameson the Demonspawn Shapeshifter began the quest for the
                  | Orb.
     0 | D:1      | Reached XP level 1. HP: 15/15 MP: 1/1
   359 | D:1      | You fall into a shaft and drop 1 floor!
   419 | D:2      | Discovered your monstrous ancestry.
   419 | D:2      | Gained mutation: You have large cloven feet. [demonic
                  | ancestry]
   419 | D:2      | Reached XP level 2. HP: 6/21 MP: 2/2
   757 | D:2      | You fall into a shaft and drop 2 floors!
   846 | D:4      | Reached XP level 3. HP: 18/26 MP: 3/3
  1119 | D:4      | Gained mutation: A weak demonic guardian rushes to your
                  | aid. [demonic ancestry]
  1119 | D:4      | Reached XP level 4. HP: 10/32 MP: 4/4
  1272 | D:4      | Reached skill level 1 in Armour
  1286 | D:4      | Learned a level 3 spell: Volatile Blastmotes
  1396 | D:4      | Reached skill level 1 in Fire Magic
  1516 | D:4      | Found an opulent altar of Gozag.
  1519 | D:4      | Found a sparkling altar of Nemelex Xobeh.
  1658 | D:4      | Found a shimmering blue altar of Sif Muna.
  1963 | D:5      | Entered Level 5 of the Dungeon
  1980 | D:5      | Reached XP level 5. HP: 14/37 MP: 5/5
  2076 | D:5      | Found a staircase to the Ecumenical Temple.
  2077 | D:5      | Noticed a black bear
  2135 | Temple   | Entered the Ecumenical Temple
  2616 | Temple   | Became a worshipper of Makhleb the Destroyer
  2635 | D:5      | Killed a black bear
  2637 | D:5      | Slain by an orc

Illustrated notes

Levels and vault maps discovered:
D:1:      roderic_crop_circles_arrival_small, layout_basic, serial_shops,
          nicolae_shop_tiny_real_fake_doors
D:2:      layout_loops_ring
D:4:      layout_gridville, nicolae_overflow_hidden_temple,
          nicolae_grassy_gnolls
D:5:      layout_gridville, nicolae_tso_besieged_by_evil,
          minmay_temple_entry_stoned_glass
Temple:   dpeg_chambers_temple

Skill      XL: |  1  2  3  4  5 |
---------------+----------------+-----
Shapeshifting  | 3 |  3.4
Unarmed Combat | 3 |  3.3
Dodging        | 2 |  2.2
Armour         | 1 |  1.0
Fire Magic     | 2 3 |  3.4
Fighting       | |  1.1
Axes           | |  0.2
Maces & Flails | |  0.3

Action                     |  1- 3 |  4- 6 || total
---------------------------+-------+-------++-------
  Melee: Unarmed           |   206 |       ||   206
         Punch             |     8 |       ||     8
         War axe           |    25 |    22 ||    47
         Club              |    10 |       ||    10
         Kick              |    16 |     3 ||    19
   Cast: Volatile Blastmot |       |     2 ||     2
  Evoke: Wand              |       |     4 ||     4
    Use: Scroll            |     1 |     9 ||    10
         Potion            |     1 |     3 ||     4
 Armour: Skin              |     7 |       ||     7
         Leather armour    |    32 |    48 ||    80
         Animal skin       |     4 |       ||     4
  Dodge: Dodged            |    58 |    49 ||   107
   Form: Beast             |     2 |       ||     2
         Flux              |     2 |       ||     2

Table legend: (Time is in decaauts)
 A = Elapsed time spent in this place.
 B = Non-inter-level travel time spent in this place.
 C = Inter-level travel time spent in this place.
 D = Time resting spent in this place.
 E = Time spent auto-exploring this place.
 F = Levels seen in this place.
 G = Mean time per level.
                   A        B        C        D        E       F      G
               +--------+--------+--------+--------+--------+-----+--------+
         Total |   2633 |   2454 |    179 |    611 |    387 |   5 |  526.6 |
       Dungeon |   2135 |   2135 |      0 |    446 |    387 |   4 |  533.8 |
        Temple |    497 |    318 |    179 |    165 |      0 |   1 |  497.0 |
               +--------+--------+--------+--------+--------+-----+--------+

Top non-repeatable levels by time:
     D:4: 1205 daAuts
  Temple: 497 daAuts
     D:2: 400 daAuts
     D:1: 350 daAuts
     D:5: 179 daAuts
